 Dungeon Crawl Stone Soup version 0.32-a0-913-g739538afd8 (webtiles) character file.

Game seed: 4990602949642512276

751 Cancer the Digger (level 7, -5/36 HPs)
             Began as a Gargoyle Earth Elementalist on Apr 9, 2024.
             Was a Follower of Vehumet.
             Incinerated by a bombardier beetle (7 damage)
             ... with a burning spray
             ... on level 5 of the Dungeon.
             The game lasted 00:12:12 (3945 turns).

Cancer the Digger (Gargoyle Earth Elementalist)     Turns: 3945, Time: 00:12:12

Health: -5/36      AC: 10    Str: 11    XL:     7   Next: 78%
Magic:  0/12       EV: 12    Int: 18    God:    Vehumet [*.....]
Gold:   230        SH:  0    Dex: 10    Spells: 6/13 levels left

rFire   . . .        (no weapon)
rCold   . . .        (no shield)
rNeg    + . .        k - +1 animal skin
rPois   ∞            l - +2 helmet
rElec   +            (no cloak)
rCorr   .            (no gloves)
SInv    .            (no boots)
Will    .....        (no amulet)
Stlth   +            (no ring)
HPRegen 0.26/turn    (no ring)
MPRegen 0.13/turn

%: no passive effects
@: on fire, glowing
A: sickness immunity, AC +4, negative energy resistance 1, electricity
resistance, torment resistance 1, petrification resistance
a: Renounce Religion


You were on level 5 of the Dungeon.
You worshipped Vehumet.
Vehumet was aware of your devotion.
You visited 1 branch of the dungeon, and saw 5 of its levels.

You collected 230 gold pieces.

Inventory:

Armour
 j - a +0 tower shield
 k - a +1 animal skin (worn)
 l - a +2 helmet (worn)
 u - the +4 scale mail "Trusted Companion" {Fly Str+2 Stlth+}
   (You found it on level 3 of the Dungeon)

   Str+2:     It affects your strength (+2).
   Fly:       It grants you flight.
   Stlth+:    It makes you more stealthy.
 w - an orb of energy
Jewellery
 g - an amulet of faith
Wands
 m - a wand of charming (16)
 n - a wand of polymorph (6)
 s - a wand of flame (15)
Scrolls
 d - 4 scrolls of identify {unknown}
 i - a scroll of immolation {unknown}
 o - 4 scrolls of enchant armour {unknown}
 q - a scroll of blinking {unknown}
 t - a scroll of revelation {unknown}
 v - a scroll of summoning {unknown}
 x - a scroll of poison {unknown}
Potions
 a - 2 potions of curing {unknown}
 b - 2 potions of magic
 c - a potion of lignification {unknown}
 e - a potion of invisibility {unknown}
 f - a potion of mutation {unknown}
 h - a potion of cancellation {unknown}
 p - 2 potions of degeneration {unknown}
 r - 2 potions of heal wounds {unknown}


   Skills:
 * Level 4.6 Dodging
 - Level 2.1 Stealth
 + Level 3.9 Spellcasting
 + Level 4.0 Conjurations
 + Level 5.8 Earth Magic


You had 6 spell levels left.
You knew the following spells:

 Your Spells              Type           Power      Damage    Failure   Level
a - Sandblast             Erth           48%        2d12      1%          1
b - Stone Arrow           Conj/Erth      42%        3d9       6%          3
c - Passwall              Erth           24%        N/A       4%          3

Your spell library contained the following spells:

 Spells                   Type           Power      Damage    Failure   Level
 Sting                    Conj/Alch      40%        1d5       7%          1
 Kiss of Death            Conj/Necr      40%        2d8       7%          1
 Static Discharge         Conj/Air       20%        3-4/arc   10%         2
 Brom's Barrelling Bould  Conj/Erth      21%        2d4       21%         4
 Call Imp                 Summ           6%         N/A       22%         2
 Confusing Touch          Hex            3%         N/A       41%         3
 Volatile Blastmotes      Fire/Tloc      6%         2d10      41%         3
 Petrify                  Alch/Erth      13%        N/A       41%         4
 Fulminant Prism          Conj/Alch      5%         3d7       54%         4
 Iskenderun's Mystic Bla Conj/Tloc 10%            2d4        (+2d2     54%         4
 Airstrike                Air            1%         2d(1-17)  83%         4
 Dispel Undead            Necr           3%         3d7       83%         4
 Summon Blazeheart Golem  Fire/Summ      3%         N/A       83%         4
 Summon Lightning Spire   Summ/Air       3%         N/A       83%         4
 Orb of Destruction       Conj           9%         9d6       100%        7
 Spellforged Servitor     Conj/Summ      5%         N/A       100%        7
 Summon Hydra             Summ           1%         N/A       100%        7
 Sublimation of Blood     Necr           Unusable   N/A       N/A         2

Dungeon Overview and Level Annotations

Branches:
Dungeon (5/15)
 Temple: D:4-7

Altars:
Gozag
Makhleb
Trog
Uskayaw
Vehumet

Shops:
D:5 [

Annotations:
D:1 wall
D:4 1 runed translucent door, Crazy Yiuf


Innate Abilities, Weirdness & Mutations

You are immune to sickness and miasma.
Your stone body is resilient. (AC +4)
You are immune to poison.
You resist negative energy. (rN+)
You are resistant to electric shocks. (rElec)
You are resistant to unholy torment.
You are immune to petrification.


Message History

The gnoll sergeant is severely wounded.
The gnoll sergeant hits you from afar with a +0 heavy trident.
The blast of sand misses the gnoll sergeant.
The gnoll sergeant hits you but does no damage.
The gnoll sergeant blocks the blast of sand.
The gnoll sergeant barely misses you.
The blast of sand hits the gnoll sergeant but does no damage.
The gnoll sergeant is severely wounded.
The gnoll sergeant hits you from afar with a +0 heavy trident.
The blast of sand hits the gnoll sergeant but does no damage.
The gnoll sergeant is severely wounded.
The gnoll sergeant barely misses you.
The blast of sand hits the bombardier beetle!
The bombardier beetle is heavily wounded.
The gnoll sergeant hits you from afar with a +0 heavy trident!
* * * LOW HITPOINT WARNING * * *
The bombardier beetle barely misses you.
You are too injured to fight recklessly!
Casting: Sandblast (safe; 1% risk of failure)
Confirm with . or Enter, or press ? or * to list all spells.
Aiming: Sandblast (safe; 1% risk of failure)
Press: ? - help, Shift-Dir - straight line, f/p - bombardier beetle
Aim: a bombardier beetle (heavily wounded, 90% to hit)
The blast of sand hits the bombardier beetle but does no damage.
The bombardier beetle is heavily wounded.
The gnoll sergeant hits you from afar with a +0 heavy trident!
* * * LOW HITPOINT WARNING * * *
The bombardier beetle sprays incendiary fluid at you.
The burning spray hits you.
You are covered in liquid fire!
Casting: Sandblast (safe; 1% risk of failure)
Confirm with . or Enter, or press ? or * to list all spells.
Aiming: Sandblast (safe; 1% risk of failure)
Press: ? - help, Shift-Dir - straight line, f/p - bombardier beetle
Aim: a bombardier beetle (heavily wounded, 90% to hit)
The blast of sand hits the bombardier beetle!
You kill the bombardier beetle!
Vehumet accepts your kill. The liquid fire burns you!
You die...

..... ...... ......
...... ....∩##
#...... ......#
##....!.. ......# #
##g:...... ...... .#
#....# ..... ...#
####g.###
#...##..#######.@)..#
#..........##.###.#
###.#####...........#
....# #.........^.#
##..## ##..........##
#....###...>.......#
).)................#
)#####..#..........#
)# ##.#............


You could see a gnoll sergeant.

Vanquished Creatures
  Grinder (D:3)
  A bullfrog (D:4)
  A hound (D:4)
  2 bombardier beetles (D:5)
  A jelly (D:4)
  2 iguanas (D:4)
  Ijyb (D:2)
  Natasha (thrice) (D:3)
  Robin (D:2)
  7 gnolls (D:5)
  8 adders
  A white imp (D:3)
  2 ufetubi (D:4)
  3 dart slugs
  5 bats
  6 endoplasms
  3 giant cockroaches
  13 goblins
  10 hobgoblins
  9 kobolds
  4 quokkas
  18 ball pythons
  3 frilled lizards
  A rat (D:3)
106 creatures vanquished.

Notes
Turn   | Place    | Note
-------+----------+-------------------------------------------
     0 | D:1      | Cancer the Gargoyle Earth Elementalist began the quest for
                  | the Orb.
     0 | D:1      | Reached XP level 1. HP: 10/10 MP: 3/3
     2 | D:1      | Noticed a dwarf
     2 | D:1      | Noticed a ghoul
     4 | D:1      | Noticed a tengu
     4 | D:1      | Noticed an armataur
     6 | D:1      | Noticed a draconian
     6 | D:1      | Noticed a minotaur
     8 | D:1      | Noticed a vine stalker
    10 | D:1      | Noticed a felid
    10 | D:1      | Noticed a demigod
    12 | D:1      | Noticed a djinni
    12 | D:1      | Noticed an octopode
    14 | D:1      | Noticed a human
    14 | D:1      | Noticed an elf
    16 | D:1      | Noticed a vampire
    16 | D:1      | Noticed a naga
    18 | D:1      | Noticed a formicid
    18 | D:1      | Noticed a gargoyle
    20 | D:1      | Noticed a troll
    20 | D:1      | Noticed a merfolk
    22 | D:1      | Noticed a spriggan
    26 | D:1      | Noticed a demonspawn
    26 | D:1      | Noticed a barachi
    28 | D:1      | Noticed an oni
   237 | D:1      | Reached XP level 2. HP: 15/15 MP: 1/5
   850 | D:2      | Reached skill level 4 in Earth Magic
   850 | D:2      | Reached XP level 3. HP: 19/19 MP: 3/6
   952 | D:2      | Noticed Robin
  1241 | D:2      | Found a hide-covered altar of Uskayaw.
  1332 | D:2      | Reached XP level 4. HP: 24/24 MP: 1/7
  1405 | D:2      | Killed Robin
  1649 | D:3      | Noticed Ijyb
  1704 | D:2      | Killed Ijyb
  1775 | D:3      | Noticed Grinder
  1800 | D:3      | Killed Grinder
  1801 | D:3      | Reached XP level 5. HP: 28/28 MP: 0/9
  1801 | D:3      | Reached XP level 6. HP: 32/32 MP: 0/10
  1877 | D:3      | Noticed Natasha
  2112 | D:3      | Killed Natasha
  2113 | D:3      | Reached skill level 5 in Earth Magic
  2185 | D:3      | Noticed Natasha
  2192 | D:3      | Killed Natasha
  2245 | D:3      | Noticed Natasha
  2253 | D:3      | Killed Natasha
  2418 | D:3      | Found a radiant altar of Vehumet.
  2423 | D:3      | Became a worshipper of Vehumet
  2621 | D:3      | Identified the +4 scale mail "Trusted Companion" {Fly Str+2
                  | Stlth+}
  2848 | D:4      | Reached XP level 7. HP: 36/36 MP: 6/12
  2859 | D:4      | Learned a level 3 spell: Stone Arrow
  2863 | D:4      | Learned a level 3 spell: Passwall
  2978 | D:4      | Found a runed translucent door.
  2979 | D:4      | Noticed Crazy Yiuf
  3332 | D:4      | Found a burning altar of Makhleb.
  3332 | D:4      | Found a faded altar of an unknown god.
  3481 | D:4      | Found an opulent altar of Gozag.
  3483 | D:4      | Found a bloodstained altar of Trog.
  3487 | D:4      | Found a faded altar of an unknown god.
  3664 | D:5      | Entered Level 5 of the Dungeon
  3771 | D:5      | Found Jefij's Armour Shop.
  3803 | D:5      | Reached * piety under Vehumet
  3803 | D:5      | Offered knowledge of Sting by Vehumet.
  3945 | D:5      | Incinerated by a bombardier beetle

Illustrated notes

Levels and vault maps discovered:
D:1:      kb_arrival_jail, layout_basic
D:2:      layout_rooms, basic_altar, kennysheep_crisscross, uniq_robin
D:3:      layout_basic, marbit_many_paths, uniq_ijyb, uniq_grinder, uniq_natasha
D:4:      layout_rooms, chequers_temple_overflow_minitemple,
          minmay_snake_closets, uniq_crazy_yiuf_cottage
D:5:      layout_rooms, pdpol_wu_jian_five_deadly_venoms,
          mainiacjoe_overflow_six_doors_small, minmay_temple_entry_mist,
          serial_shops, shop

Skill      XL: |  1  2  3  4  5  6  7 |
---------------+----------------------+-----
Dodging        | 2 3 4 |  4.6
Earth Magic    | 4 5 |  5.8
Conjurations   | 2 3 4 |  4.0
Spellcasting   | 3 |  3.9
Stealth        | |  2.1

Action                     |  1- 3 |  4- 6 |  7- 9 || total
---------------------------+-------+-------+-------++-------
  Melee: Unarmed           |    15 |     9 |     4 ||    28
   Cast: Sandblast         |    47 |    70 |    74 ||   191
 Armour: Robe              |    34 |     8 |       ||    42
         Animal skin       |       |    30 |    47 ||    77
         Skin              |       |     3 |       ||     3
  Dodge: Dodged            |    37 |    37 |    37 ||   111

Table legend: (Time is in decaauts)
 A = Elapsed time spent in this place.
 B = Non-inter-level travel time spent in this place.
 C = Inter-level travel time spent in this place.
 D = Time resting spent in this place.
 E = Time spent auto-exploring this place.
 F = Levels seen in this place.
 G = Mean time per level.
                   A        B        C        D        E       F      G
               +--------+--------+--------+--------+--------+-----+--------+
         Total |   4041 |   3915 |    126 |    238 |   2589 |   5 |  808.2 |
       Dungeon |   4041 |   3915 |    126 |    238 |   2589 |   5 |  808.2 |
               +--------+--------+--------+--------+--------+-----+--------+

Top non-repeatable levels by time:
     D:3: 1103 daAuts
     D:1: 932 daAuts
     D:4: 896 daAuts
     D:2: 812 daAuts
     D:5: 296 daAuts
